 Dungeon Crawl Stone Soup version 0.32-a0 (webtiles) character file.

Game seed: 9094696649702077373

2701168 Salticid the Slayer (level 27, 138/268 HPs)
             Began as a Minotaur Monk on Jan 12, 2024.
             Was a High Priest of Qazlal.
             Escaped with the Orb
             ... and 4 runes
             ... and 1 gem (0 intact) on Jan 13, 2024!
             The game lasted 04:49:51 (59982 turns).

Salticid the Slayer (Minotaur Monk)                Turns: 59982, Time: 04:49:51

Health: 138/268    AC: 53    Str: 25    XL:     27
Magic:  33/36      EV: 20    Int:  8    God:    Qazlal [*****.]
Gold:   3810       SH: 42    Dex: 22    Spells: 17/30 levels left

rFire   + + +        V - +11 Singing Sword {sonic wave}
rCold   + . .        y - +5 tower shield {AC+3}
rNeg    . . .        F - +9 scales of the Dragon King {rPois rF+ rC+ Will+}
rPois   +            h - +2 hat {Int+3}
rElec   .            S - +4 dragonskin cloak
rCorr   +            j - +2 pair of gloves
SInv    .            J - +2 pair of boots of Conscience {Regen+ Str+2}
Will    +++..        e - amulet of reflection Stlth
                     W - ring of Hedonism {Wiz Fly rF+ rCorr Dex-4}
HPRegen 1.44/turn    D - ring "Kograk" {rF+ Str+6 Dex+2 Slay+2}
MPRegen 0.25/turn

%: repel missiles, reflection, clarity, wizardry (x1)
@: flying, studying Unarmed Combat
A: horns 2, retaliatory headbutt, hooves 1, clarity, dopey 1, weak 1
0: Orb of Zot
}: 4/15 runes: serpentine, barnacled, slimy, silver
a: Renounce Religion, Upheaval, Elemental Force, Disaster Area


You escaped.
You worshipped Qazlal.
Qazlal was extremely pleased with you.
You visited 12 branches of the dungeon, and saw 56 of its levels.
You visited 2 bazaars.
You also visited: Trove and Ice Cave.

You collected 10060 gold pieces.
You spent 6250 gold pieces at shops.

Inventory:

Hand Weapons
 V - the +11 Singing Sword (weapon) {sonic wave}
   (You found it on level 7 of the Dungeon)
Missiles
 k - 7 darts of dispersal
 E - 3 throwing nets
 L - 5 curare-tipped darts
Armour
 d - the +2 pair of boots of Maritat {Rampage Str+3 Int+2}
   (You found it on level 3 of the Snake Pit)

   Str+3:     It affects your strength (+3).
   Int+2:     It affects your intelligence (+2).
   Rampage:   It bestows one free step when moving towards enemies.
 h - a +2 hat of intelligence (worn)
 j - a +2 pair of gloves (worn)
 y - a +5 tower shield of protection (worn)
 F - the +9 scales of the Dragon King (worn) {rPois rF+ rC+ Will+}
   (You bought it in a shop on level 2 of the Orcish Mines)

   rF+:       It protects you from fire.
   rC+:       It protects you from cold.
   rPois:     It protects you from poison Will+: It increases your willpower.
 J - the +2 pair of boots of Conscience (worn) {Regen+ Str+2}
   (You found it on level 5 of the Vaults)

   Str+2:     It affects your strength (+2).
   Regen+:    It increases your rate of health regeneration.
 S - the +4 dragonskin cloak (worn)
   (You took it off Tiamat on level 2 of the Realm of Zot)

   Avatar's Aegis: It grants the wearer a chance to resist fire, cold, poison,
   electricity, acid, and negative energy.
Jewellery
 e - an amulet of reflection (around neck)
 i - a +6 ring of dexterity
 u - a +6 ring of dexterity
 x - an amulet of regeneration
 A - a ring of see invisible
 D - the ring "Kograk" (right hand) {rF+ Str+6 Dex+2 Slay+2}
   (You found it on level 1 of the Realm of Zot)

   [ring of protection from fire]

   Str+6:     It affects your strength (+6).
   Dex+2:     It affects your dexterity (+2).
   Slay+2:    It affects your accuracy & damage with ranged weapons and melee
   (+2).
   rF+:       It protects you from fire.
 H - the ring "Unlos" {Will+ Slay+4}
   (You found it on level 5 of the Pits of Slime)

   [ring of slaying]

   Slay+4:    It affects your accuracy & damage with ranged weapons and melee
   (+4).
   Will+:     It increases your willpower.
 M - the ring of Wishful Thinking {rN+++ MP+9 Str-5 Dex+6}
   (You found it on level 4 of the Realm of Zot)

   [ring of magical power]

   Str-5:     It affects your strength (-5).
   Dex+6:     It affects your dexterity (+6).
   rN+++:     It renders you almost immune to negative energy.
   MP+9:      It affects your magic capacity (+9).
 U - the ring "Utwilucs" {rC+++ rN+ Will- Dex+2}
   (You took it off a deep elf annihilator on level 3 of the Elven Halls)

   [ring of positive energy]

   Dex+2:     It affects your dexterity (+2).
   rC+++:     It renders you almost immune to cold.
   rN+:       It protects you from negative energy.
   Will-:     It decreases your willpower.
 W - the ring of Hedonism (left hand) {Wiz Fly rF+ rCorr Dex-4}
   (You found it on level 1 of the Realm of Zot)

   [ring of wizardry]

   Wiz:       It improves your spell success rate.
   Dex-4:     It affects your dexterity (-4).
   rF+:       It protects you from fire.
   Fly:       It grants you flight.
   rCorr:     It protects you from acid and corrosion.
Wands
 c - a wand of charming (39)
 n - a wand of roots (60)
 s - a wand of quicksilver (22)
 v - a wand of digging (2)
Scrolls
 f - 16 scrolls of teleportation
 l - 13 scrolls of vulnerability
 p - 3 scrolls of revelation
 G - 3 scrolls of silence
 K - 10 scrolls of blinking
 N - 4 scrolls of poison
 O - 4 scrolls of summoning
 P - 17 scrolls of immolation
 R - 9 scrolls of fear
 Z - 9 scrolls of fog
Potions
 b - 7 potions of mutation
 g - 14 potions of heal wounds
 o - 2 potions of might
 q - 4 potions of cancellation
 r - 8 potions of lignification
 w - 22 potions of curing
 z - 5 potions of magic
 B - 9 potions of enlightenment
 C - 2 potions of resistance
 Q - 3 potions of ambrosia
 T - 5 potions of invisibility
 X - 5 potions of berserk rage
 Y - 6 potions of haste
Miscellaneous
 a - a phial of floods
 m - a box of beasts
 t - a condenser vane
 I - a lightning rod (4/4)


   Skills:
 + Level 25.8 Fighting
 - Level 16.6 Long Blades
 - Level 6.0 Maces & Flails
 - Level 5.0 Throwing
 + Level 24.4 Armour
 + Level 24.5 Dodging
 + Level 25.8 Shields
 - Level 2.0 Spellcasting
 * Level 11.9 Translocations
 - Level 20.4 Invocations
 - Level 5.0 Evocations


You had 17 spell levels left.
You knew the following spells:

 Your Spells              Type           Power      Damage    Failure   Level
a - Apportation           Tloc           38%        N/A       1%          1
b - Blink                 Tloc           38%        N/A       1%          2
c - Lesser Beckoning      Tloc           38%        N/A       1%          2
d - Manifold Assault      Tloc           19%        N/A       11%         4
e - Passage of Golubria   Tloc           19%        N/A       11%         4

Your spell library contained the following spells:

 Spells                   Type           Power      Damage    Failure   Level
 Gell's Gravitas          Tloc           19%        N/A       3%          3
 Teleport Other           Tloc           19%        N/A       3%          3
 Momentum Strike          Conj/Tloc      20%        3d8       19%         2
 Dimensional Bullseye     Hex/Tloc       5%         N/A       75%         4
 Iskenderun's Mystic Bla  Conj/Tloc      10%        2d4       75%         4
 Vhi's Electric Charge    Tloc/Air       20%        N/A       75%         4
 Foxfire                  Conj/Fire      0%         2x1d4     78%         1
 Kiss of Death            Conj/Necr      0%         2d5       78%         1
 Magic Dart               Conj           0%         1d3       78%         1
 Necrotise                Necr           0%         1d4       78%         1
 Sandblast                Erth           0%         2d4       78%         1
 Sting                    Conj/Alch      0%         1d3       78%         1
 Summon Small Mammal      Summ           0%         N/A       78%         1
 Dispersal                Tloc           9%         N/A       82%         6
 Call Imp                 Summ           0%         N/A       89%         2
 Ensorcelled Hibernation  Hex/Ice        0%         N/A       89%         2
 Jinxbite                 Hex            0%         N/A       89%         2
 Mercury Vapours          Alch/Air       0%         N/A       89%         2
 Searing Ray              Conj           0%         2d4       89%         2
 Sublimation of Blood     Necr           0%         N/A       89%         2
 Summon Forest            Summ/Tloc      5%         N/A       96%         5
 Call Canine Familiar     Summ           0%         N/A       98%         3
 Dazzling Flash           Conj/Hex       0%         N/A       98%         3
 Frozen Ramparts          Ice            0%         1d1       98%         3
 Fugue of the Fallen      Necr           0%         N/A       98%         3
 Hailstorm                Conj/Ice       0%         3d5       98%         3
 Inner Flame              Hex/Fire       0%         N/A       98%         3
 Mephitic Cloud           Conj/Alch/Air  0%         N/A       98%         3
 Passwall                 Erth           0%         N/A       98%         3
 Stone Arrow              Conj/Erth      0%         3d7       98%         3
 Summon Ice Beast         Ice/Summ       0%         N/A       98%         3
 Swiftness                Air            0%         N/A       98%         3
 Tukima's Dance           Hex            0%         N/A       98%         3
 Anguish                  Hex/Necr       0%         N/A       100%        4
 Animate Armour           Summ/Erth      0%         N/A       100%        4
 Brom's Barrelling Bould  Conj/Erth      0%         2d3       100%        4
 Cause Fear               Hex            0%         N/A       100%        4
 Dispel Undead            Necr           0%         3d6       100%        4
 Flame Wave               Conj/Fire      0%         2d4       100%        4
 Fulminant Prism          Conj/Alch      0%         3d5       100%        4
 Ignite Poison            Fire/Alch      0%         N/A       100%        4
 Leda's Liquefaction      Alch/Erth      0%         N/A       100%        4
 Petrify                  Alch/Erth      0%         N/A       100%        4
 Sticky Flame             Fire/Alch      0%         2d4       100%        4
 Summon Blazeheart Golem  Fire/Summ      0%         N/A       100%        4
 Alistair's Intoxication  Alch           0%         N/A       100%        5
 Arcjolt                  Conj/Air       0%         1d10      100%        5
 Borgnjor's Vile Clutch   Necr/Erth      0%         N/A       100%        5
 Curse of Agony           Necr           0%         N/A       100%        5
 Fireball                 Conj/Fire      0%         3d3       100%        5
 Irradiate                Conj/Alch      0%         3d11      100%        5
 Iskenderun's Battlesphe  Conj           0%         2d6       100%        5
 Metabolic Englaciation   Hex/Ice        0%         N/A       100%        5
 Silence                  Hex/Air        0%         N/A       100%        5
 Summon Mana Viper        Hex/Summ       0%         N/A       100%        5
 Yara's Violent Unravell  Hex/Alch       0%         3d3       100%        5
 Conjure Ball Lightning   Conj/Air       0%         3x3d6     100%        6
 Eringya's Noxious Bog    Alch           0%         4d6       100%        6
 Plasma Beam              Fire/Air       0%         2x1d10    100%        6
 Sculpt Simulacrum        Ice/Alch       0%         N/A       100%        6
 Starburst                Conj/Fire      0%         6d3       100%        6
 Summon Cactus Giant      Summ           0%         N/A       100%        6
 Enfeeble                 Hex            0%         N/A       100%        7
 Haunt                    Necr/Summ      0%         N/A       100%        7
 Monstrous Menagerie      Summ           0%         N/A       100%        7
 Orb of Destruction       Conj           0%         9d5       100%        7
 Ozocubu's Refrigeration  Ice            0%         4d7       100%        7
 Summon Hydra             Summ           0%         N/A       100%        7
 Borgnjor's Revivificati  Necr           0%         N/A       100%        8
 Disjunction              Tloc           9%         N/A       100%        8
 Ignition                 Fire           0%         3d3       100%        8
 Infestation              Necr           0%         N/A       100%        8
 Lehudib's Crystal Spear  Conj/Erth      0%         10d2      100%        8
 Maxwell's Capacitive Co  Air            0%         ∞         100%        8
 Chain Lightning          Conj/Air       0%         N/A       100%        9
 Death's Door             Necr           0%         N/A       100%        9
 Dragon's Call            Summ           0%         N/A       100%        9
 Polar Vortex             Ice            0%         N/A       100%        9


Dungeon Overview and Level Annotations

Branches:
Dungeon (15/15)            Temple (1/1) D:4            Lair (5/5) D:9
 Shoals (4/4) Lair:3        Snake (4/4) Lair:2        Slime (5/5) Lair:5
    Orc (2/2) D:10            Elf (3/3) Orc:2        Vaults (5/5) D:13
  Crypt (3/3) Vaults:2       Tomb (0/3) Crypt:3      Depths (4/4) D:15
    Zot (5/5) Depths:4      IceCv (visited)

Altars:
Ashenzari
Cheibriados
Dithmenos
Elyvilon
Fedhas
Gozag
Hepliaklqana
Kikubaaqudgha
Makhleb
Nemelex Xobeh
Okawaru
Qazlal
Ru
Sif Muna
Trog
Uskayaw
Vehumet
Wu Jian
Xom
Yredelemnul
Zin
The Shining One
Jiyva

Shops:
D:7 *   D:8 =(!   D:10 (   Orc:1 ?   Orc:2 (:[   Elf:1 ?   Elf:2 *   Snake:4 *
Vaults:1 *   Vaults:2 !   Vaults:4 [(   Depths:1 [=:=   Depths:4 *

Portals:
Hell: Depths:1 Depths:2 Depths:3 Depths:4
Abyss: Depths:3
Pandemonium: Depths:1 Depths:2 Depths:4
Ziggurat: Depths:4

Annotations:
D:15 Roxanne
Orc:1 2 transporters
Elf:1 2 transporters, Bizboz's ghost, adept TeAl
Depths:1 2 transporters, Hulu's ghost, veteran GrEE


Innate Abilities, Weirdness & Mutations

You have a pair of horns on your head.
You reflexively headbutt those who attack you in melee.
You have large cloven feet.
You possess an exceptional clarity of mind.
You are dopey. (Int -2)
You are weak. (Str -2)


Message History

The plant begins to die.
The plant is lightly damaged.
The bush is lightly damaged.
The bush is moderately damaged.
You headbutt the plant!
The plant is severely damaged.
You carve the plant like a ham!!!
You destroy the plant!
A nearby plant withers and dies. x3
A nearby plant withers and dies. x3
An Orb Guardian comes into view.
The Orb Guardian attacks as it pursues you!
You block the Orb Guardian's attack. x2
You closely miss the Orb Guardian. Your headbutt misses the Orb Guardian.
You block the Orb Guardian's attack.
You completely miss the Orb Guardian. Your headbutt misses the Orb Guardian.
You block the Orb Guardian's attack.
You slash the Orb Guardian! You headbutt the Orb Guardian!
The Orb Guardian is moderately wounded.
You block the Orb Guardian's attack.
You carve the Orb Guardian like a ham!!!
The Orb Guardian is severely wounded.
You block the Orb Guardian's attack.
You hit the Orb Guardian but do no damage.
The Orb Guardian is severely wounded.
You block the Orb Guardian's attack.
A Tzitzimitl comes into view.
The Orb Guardian attacks as it pursues you!
You block the Orb Guardian's attack. x2
The Tzitzimitl calls on the powers of darkness!
The Orb Guardian convulses!
Your body is wracked with pain!
There is a staircase leading out of the dungeon here.
You hit the Orb Guardian.
The Singing Sword emits a series of high-pitched trills.
You send a blast of sound all around you.
The Orb Guardian is almost dead.
The Tzitzimitl is lightly wounded.
The Orb Guardian is almost dead.
You block the Orb Guardian's attack.
The Orb Guardian hits you but does no damage.
You have escaped!

#...##########.#.##
#...#♣PPP...♣#.....
#...#♣♣P.....###.##
#.#.#..♣.♣...#...# #############
#.#.#........#...## ............#
#...#.....♣.P#..... #.#(#.#####.#
#°..#^....P.♣#...#. ..#.#.#####.#
#...#.♣......##.##. .........##.#
#.@☼#.♣P.....#...#.
....#.##.##.###.X.#♣♣....P.#.....
....#.##......#○§.#.♣...P..#..†#.
............#.#...#♣......♣#...).
..#########.....#.#♣....P♣.#..###
.## #.#...#.........♣#..# .#
######.###..1#...P♣P.P#..# .#
#......###...#.♣♣P....#..### .#
#......##....##########.....


You could see a Tzitzimitl and an Orb Guardian.

Vanquished Creatures
  the Royal Jelly (Slime:5)
  Tiamat (Zot:2)
  6 orbs of fire
  6 dread liches
  Frederick (Crypt:3)
  9 ancient liches
  A juggernaut (Depths:3)
  Sojobo (Vaults:3)
  Xtahua (Vaults:3)
  Boris (thrice) (Vaults:4 Crypt:3 Zot:5)
  2 pandemonium lords (Zot:5)
  Vv (Zot:4)
  4 Killer Klowns (Zot:5)
  A curse toe (Zot:2)
  4 caustic shrikes
  9 golden dragons
  Norris (Elf:3)
  2 bone dragons (Crypt:3)
  A Brimstone Fiend (Zot:3)
  3 electric golems
  Rupert (D:15)
  23 tentacled monstrosities
  Jorgrun (D:15)
  30 Orb Guardians
  6 liches
  Zenata (Vaults:4)
  The ghost of paavali the Axe Maniac, an adept FoFi of Okawaru (Shoals:2)
  2 deep elf master archers (Elf:3)
  A walking divine tome (Depths:3)
  3 quicksilver dragons
  3 titans (Vaults:5)
  2 deep elf blademasters
  21 acid blobs
  2 krakens
  12 ancient champions
  5 sphinxes
  10 death cobs
  An Executioner (Zot:5)
  13 shadow dragons
  Aizul (Shoals:4)
  8 draconian monks
  Donald (Crypt:2)
  7 tengu reavers
  22 storm dragons
  7 azure jellies
  7 nagarajas
  12 frost giants
  The ghost of Pujutz the Stormcaller, an adept TeAE of Gozag (Snake:3)
  A revenant (Crypt:3)
  4 draconian knights
  Ilsuiw (Shoals:3)
  7 protean progenitors
  7 deep elf sorcerers
  13 rockslimes
  6 iron dragons
  10 fire giants
  Louise (D:14)
  14 vault wardens
  8 draconian scorchers
  5 draconian shifters
  8 deep elf elementalists
  19 ironbound preservers
  2 spriggan defenders (Depths:3)
  2 ghost moths
  3 cacodemons (Zot:1)
  6 ghouls
  A reaper (IceCv)
  4 draconian annihilators
  An orc warlord (Vaults:3)
  A demonspawn corrupter (Zot:5)
  5 formless jellyfish
  15 quicksilver oozes
  4 draconian stormcallers
  16 stone giants
  3 deep elf demonologists
  25 very ugly things
  2 juggernaut skeletons
  15 green draconians
  8 deep elf annihilators
  7 ironbound thunderhulks
  10 vampire knights
  A demonspawn black sun (Zot:5)
  Nessos (D:12)
  12 black draconians
  14 dire elephants
  8 yellow draconians
  3 war gargoyles (Vaults:5)
  6 deep elf death magi
  A lorocyproca (D:1)
  16 white draconians
  14 red draconians
  3 eidola
  3 spark wasps
  17 purple draconians
  2 bunyips (Zot:1)
  16 ettins
  3 merfolk javelineers
  3 green deaths
  2 entropy weavers (Vaults:3)
  13 fire dragons
  Josephine (D:12)
  10 jiangshi
  8 merfolk impalers
  4 ice dragons
  12 yaktaur captains
  4 rakshasas
  32 vault guards
  2 salamander tyrants
  8 great orbs of eyes
  6 deep elf high priests
  3 catoblepae
  2 hell beasts
  A fenstrider witch zombie (Crypt:3)
  A hydra (Lair:5)
  4 spriggan air magi
  30 two-headed ogres
  6 ironbound frosthearts
  8 ogre magi
  9 anacondas
  An alligator (shapeshifter) (Depths:2)
  6 merfolk avatars
  A merfolk aquamancer (Shoals:4)
  4 centaur warriors
  14 tengu warriors
  15 death yaks
  2 satyrs (Shoals:2)
  2 alligator snapping turtles
  A death knight (Crypt:1)
  8 boulder beetles
  25 dancing weapons
  3 deep troll shamans
  11 naga sharpshooters
  A hell hog (Depths:3)
  7 deep troll earth magi
  An occultist (Depths:1)
  A bennu skeleton (Crypt:3)
  16 naga warriors
  6 shock serpents
  A spriggan berserker (Depths:3)
  An orc high priest (Elf:2)
  4 soul eaters
  9 vampire magi
  A titan skeleton (Crypt:3)
  4 skysharks
  A storm dragon zombie (Vaults:4)
  10 sun demons
  Sonja (Lair:5)
  22 skeletal warriors
  24 deep elf knights
  2 salamander mystics (Snake:3)
  2 hell knights
  4 iron trolls (Depths:1)
  An orb spider (shapeshifter) (Depths:2)
  An anaconda zombie (Crypt:3)
  A storm dragon skeleton (Crypt:1)
  16 sea snakes
  2 large abominations (Zot:5)
  3 shadow demons
  42 deep trolls
  12 arcanists
  6 flayed ghosts
  8 mana vipers
  A mana viper (shapeshifter) (Vaults:5)
  9 naga ritualists
  3 orb spiders (Zot:4)
  24 deep elf archers
  9 glowing orange brains
  11 lindwurms
  A harpy (shapeshifter) (D:15)
  A kraken simulacrum (Shoals:4)
  A bunyip skeleton (Crypt:3)
  5 necromancers
  2 bog bodies
  8 orc knights
  An orc sorcerer (Orc:1)
  A lindwurm (shapeshifter) (Vaults:3)
  20 harpies
  38 deep elf pyromancers
  18 ironbound convokers
  7 phantasmal warriors
  2 tengu zombies
  A stone giant zombie (Crypt:3)
  23 deep elf zephyrmancers
  29 ugly things
  The ghost of Dirol the Chopper, a novice HuMo (D:7)
  A cyclops (shapeshifter) (Vaults:5)
  An eleionoma zombie (Crypt:1)
  4 shining eyes
  7 cyclopes
  A wolf spider (D:13)
  20 salamanders
  14 fauns
  A goliath frog skeleton (Crypt:2)
  14 manticores
  A shining eye (shapeshifter) (Vaults:5)
  3 guardian serpents (Snake:3)
  26 naga magi
  37 moths of wrath
  2 kobold blastminers (Orc:2)
  4 elephants (Lair:5)
  An eye of devastation (shapeshifter) (Vaults:5)
  An eleionoma skeleton (Crypt:3)
  9 merfolk sirens
  2 rust devils
  A stone giant skeleton (Crypt:2)
  16 vault sentinels
  32 black mambas
  5 eyes of devastation
  An ice statue (IceCv)
  3 water nymphs
  5 cane toads
  2 smoke demons
  2 gargoyles
  A torpor snail (shapeshifter) (Depths:2)
  5 komodo dragons
  A hellion (Depths:3)
  2 tormentors
  18 yaktaurs
  2 rime drakes
  3 efreet
  2 freezing wraiths
  A yellow draconian skeleton (Crypt:1)
  A cane toad (shapeshifter) (D:11)
  7 tengu conjurers
  A green draconian skeleton (Crypt:2)
  A guardian mummy (Crypt:1)
  An ice devil (Zot:5)
  5 trolls
  A red devil (Zot:5)
  8 dream sheep
  4 polar bears
  A tarantella (Vaults:3)
  A hornet (shapeshifter) (Elf:3)
  18 merfolk
  4 hornets
  4 wind drakes
  7 glass eyes
  2 jumping spider zombies
  94 slime creatures
  24 blink frogs
  A human simulacrum (Vaults:4)
  13 snapping turtles
  A shadow (D:9)
  A black mamba zombie (Crypt:1)
  An ice dragon skeleton (Crypt:3)
  An ice dragon zombie (Crypt:3)
  2 spriggans (Depths:4)
  9 wraiths
  A guardian serpent skeleton (Crypt:2)
  A ynoxinul (Depths:1)
  3 air elementals
  7 wyverns
  7 water elementals
  3 fire elementals
  38 yaks
  2 dire elephant simulacra (IceCv)
  An ettin skeleton (Vaults:4)
  3 death yak simulacra (IceCv)
  2 fire bats (Depths:3)
  6 vampires
  3 wargs
  19 humans (D:13)
  A neqoxec (Zot:3)
  5 basilisks
  3 swamp worms (Zot:2)
  13 vampire mosquitoes
  2 redbacks (Vaults:3)
  A steam dragon (D:8)
  A naga zombie (Crypt:3)
  3 hydra simulacra (IceCv)
  2 harpy simulacra (IceCv)
  A hell hound (Depths:3)
  An acid dragon (D:10)
  65 nagas
  A deep troll zombie (Crypt:2)
  17 water moccasins
  A cane toad zombie (Crypt:1)
  3 black bears
  A naga skeleton (Crypt:3)
  2 ice beasts
  A sky beast (D:7)
  A hornet zombie (D:5)
  A swamp worm (shapeshifter) (Vaults:5)
  27 orc warriors
  A black bear (shapeshifter) (Depths:3)
  2 ettin simulacra (Vaults:2)
  7 laughing skulls
  5 boggarts (Vaults:4)
  29 ogres
  22 wolves
  A swamp dragon skeleton (Crypt:3)
  A phantom (D:5)
  12 centaurs
  2 kobold brigands
  2 draconian skeletons (Crypt:3)
  3 earth elementals
  9 bullfrogs
  2 necrophages (Crypt:3)
  3 gnoll sergeants
  4 two-headed ogre simulacra (IceCv)
  2 cane toad simulacra (IceCv)
  7 scorpions
  12 wights
  A troll skeleton (Crypt:2)
  2 elephant simulacra (IceCv)
  4 howler monkeys
  3 lava snakes (Lair:2)
  A centaur zombie (D:5)
  5 human zombies
  A bullfrog zombie (D:5)
  A centaur skeleton (D:5)
  9 jellies
  A bombardier beetle (D:4)
  2 gnoll boudas
  15 orc priests
  7 hounds
  Crazy Yiuf (D:3)
  5 iguanas
  2 sleepcaps
  Jessica (D:3)
  Terence (D:3)
  A human skeleton (Crypt:1)
  19 orc wizards
  2 scorpion zombies (D:5)
  9 hell rats
  5 spriggan simulacra (IceCv)
  A killer bee zombie (D:5)
  6 troll simulacra (IceCv)
  3 wolf simulacra (IceCv)
  A crocodile skeleton (Crypt:2)
  An ogre skeleton (Crypt:3)
  2 hound zombies (D:5)
  2 hound skeletons (D:5)
  4 mummies (Crypt:1)
  Robin (D:4)
  A howler monkey zombie (D:5)
  12 gnolls
  8 adders
  7 naga simulacra (IceCv)
  11 white imps
  9 ufetubi
  An adder zombie (D:5)
  An iguana zombie (Crypt:2)
  2 ribbon worms
  3 dart slugs
  72 orcs
  9 ball pythons
  6 endoplasms
  5 giant cockroaches
  9 hobgoblins
  5 jackals
  11 kobolds
  3 quokkas
  12 bats
  5 frilled lizards
  12 goblins
  A jackal skeleton (Crypt:1)
  5 rats
  2 aspiring fleshes (Zot:2)
  A spectral weapon (Depths:1)
  5 tentacles
2480 creatures vanquished.

Vanquished Creatures (collateral kills)
  2 wights (D:7)
2 creatures vanquished.

Vanquished Creatures (others)
  Asterion (Depths:1)
  A draconian knight (Zot:1)
  A dire elephant (Vaults:4)
  A red draconian (Zot:2)
  3 dancing weapons (Elf:2)
  4 deep elf knights
  An ironbound convoker (Vaults:4)
  A naga ritualist (Snake:3)
  A manticore (Shoals:4)
  A guardian serpent (Snake:4)
  A basilisk (D:11)
  A naga (Snake:3)
  A white imp (IceCv)
  13 tentacles
31 creatures vanquished.

Grand Total: 2513 creatures vanquished

Notes
Turn   | Place    | Note
-------+----------+-------------------------------------------
     0 | D:1      | Salticid the Minotaur Monk began the quest for the Orb.
     0 | D:1      | Reached XP level 1. HP: 19/19 MP: 0/0
   124 | D:1      | Reached XP level 2. HP: 22/27 MP: 1/1
   423 | D:1      | Reached XP level 3. HP: 33/33 MP: 2/2
   750 | D:2      | Found a basalt altar of Yredelemnul.
  1397 | D:3      | Reached XP level 4. HP: 36/41 MP: 3/3
  1418 | D:3      | You fall into a shaft and drop 1 floor!
  1419 | D:4      | Found a staircase to the Ecumenical Temple.
  1428 | Temple   | Entered the Ecumenical Temple
  1445 | Temple   | Became a worshipper of Qazlal Stormbringer
  1445 | Temple   | Reached * piety under Qazlal
  1445 | Temple   | Reached ** piety under Qazlal
  1493 | D:4      | Reached skill level 5 in Fighting
  1496 | D:4      | Reached skill level 5 in Long Blades
  1496 | D:4      | Reached skill level 1 in Invocations
  1496 | D:4      | Reached XP level 5. HP: 42/48 MP: 4/4
  1512 | D:4      | Noticed Robin
  1520 | D:4      | Killed Robin
  1644 | D:4      | Found a burning altar of Makhleb.
  1849 | D:4      | Noticed a black bear
  1860 | D:4      | Killed a black bear
  1861 | D:4      | Reached XP level 6. HP: 24/56 MP: 5/7
  1974 | D:3      | Noticed Terence
  1984 | D:3      | Killed Terence
  1994 | D:3      | Noticed Jessica
  1996 | D:3      | Killed Jessica
  2203 | D:3      | Found a hide-covered altar of Uskayaw.
  2262 | D:3      | Found a runed translucent door.
  2263 | D:3      | Noticed Crazy Yiuf
  2363 | D:3      | Found an iron altar of Okawaru.
  2416 | D:3      | Found an opulent altar of Gozag.
  2667 | D:3      | Killed Crazy Yiuf
  2673 | D:3      | Identified the +11 hammer of Kismet {flame, rN+ rCorr
                  | Str+4}
  2867 | D:4      | Reached skill level 1 in Maces & Flails
  2882 | D:4      | Noticed an orc warrior
  2888 | D:4      | Killed an orc warrior
  2889 | D:4      | Reached XP level 7. HP: 62/62 MP: 1/8
  3151 | D:5      | Entered Level 5 of the Dungeon
  3202 | D:5      | Reached skill level 5 in Maces & Flails
  3297 | D:5      | Found a glowing drain.
  3421 | D:5      | Reached XP level 8. HP: 52/71 MP: 10/10
  3563 | D:5      | Reached skill level 5 in Invocations
  3825 | D:5      | Reached *** piety under Qazlal
  4284 | D:6      | Reached XP level 9. HP: 82/82 MP: 12/12
  4381 | D:6      | Reached skill level 5 in Dodging
  4422 | D:6      | Found a shadowy altar of Dithmenos.
  4581 | D:6      | Found a basalt altar of Yredelemnul.
  4604 | D:6      | Found a radiant altar of Vehumet.
  4777 | D:6      | Found a glowing silver altar of Zin.
  4777 | D:6      | Noticed an angel
  4881 | D:7      | Found Bokaps's Fire Supplies.
  5005 | D:7      | Found the +11 Singing Sword {sonic wave}
  5082 | D:7      | Found a runed translucent gate.
  5082 | D:7      | Noticed Dirol's ghost (novice HuMo)
  5083 | D:7      | Found a runed translucent gate.
  5084 | D:7      | Found a runed translucent gate.
  5096 | D:7      | Killed Dirol's ghost
  5102 | D:7      | Reached **** piety under Qazlal
  5103 | D:7      | Reached skill level 10 in Fighting
  5344 | D:7      | Reached XP level 10. HP: 87/93 MP: 14/14
  5644 | D:8      | Noticed a two-headed ogre
  5651 | D:8      | Found a viscous altar of Jiyva.
  5660 | D:8      | Killed a two-headed ogre
  5898 | D:8      | Reached skill level 1 in Armour
  5953 | D:8      | Found Coew's Distillery.
  5986 | D:8      | Bought a potion of lignification for 33 gold pieces
  5986 | D:8      | Bought a potion of heal wounds for 55 gold pieces
  5986 | D:8      | Bought a potion of might for 44 gold pieces
  5986 | D:8      | Bought a potion of curing for 33 gold pieces
  6160 | D:8      | Found Fexoor's Antique Weapon Shop.
  6210 | D:8      | Found Reravvad's Jewellery Shoppe.
  7045 | D:9      | Found a staircase to the Lair.
  7126 | D:9      | Found an ornate altar of the Wu Jian Council.
  7182 | D:9      | Reached skill level 1 in Shields
  7256 | D:9      | Reached skill level 1 in Throwing
  7265 | D:9      | Reached ***** piety under Qazlal
  7646 | D:9      | Found a glowing golden altar of the Shining One.
  8070 | D:10     | Entered Level 10 of the Dungeon
  8170 | D:10     | Reached skill level 10 in Long Blades
  8172 | D:10     | Reached XP level 11. HP: 92/101 MP: 16/16
  8216 | D:10     | Found Cil Xumn's Weapon Shoppe.
  8529 | D:10     | Found a staircase to the Orcish Mines.
  8761 | D:10     | Found a blossoming altar of Fedhas.
  8888 | D:10     | Found a portal to a secret trove of treasure.
  9115 | D:10     | Noticed a two-headed ogre
  9121 | D:10     | Killed a two-headed ogre
  9308 | D:11     | Noticed a two-headed ogre
  9311 | D:11     | Killed a two-headed ogre
  9329 | D:11     | Noticed a red ugly thing
  9337 | D:11     | Killed a red ugly thing
  9425 | D:11     | Noticed a boulder beetle
  9434 | D:11     | Killed a boulder beetle
  9435 | D:11     | Reached skill level 10 in Invocations
  9948 | D:11     | Noticed a yaktaur captain
  9955 | D:11     | Noticed a tengu warrior
 10035 | Lair:1   | Entered Level 1 of the Lair of Beasts
 10045 | D:9      | Reached skill level 1 in Evocations
 10111 | Lair:1   | Reached XP level 12. HP: 80/110 MP: 19/19
 10894 | Lair:2   | Found a frozen archway.
 10903 | IceCv    | Entered an ice cave
 11132 | IceCv    | Got the Tome of Mustering
 11241 | IceCv    | Reached skill level 10 in Dodging
 11382 | IceCv    | Reached ****** piety under Qazlal
 11508 | IceCv    | Noticed a reaper
 11523 | IceCv    | Killed a reaper
 12453 | Lair:2   | Noticed a death yak
 12456 | Lair:2   | Noticed a death yak
 12457 | Lair:2   | Noticed a death yak
 12467 | Lair:2   | Noticed a death yak
 12467 | Lair:2   | Noticed a death yak
 12469 | Lair:2   | Killed a death yak
 12471 | Lair:2   | Killed a death yak
 12472 | Lair:2   | Killed a death yak
 12473 | Lair:2   | Reached XP level 13. HP: 111/119 MP: 20/20
 12680 | Lair:2   | Found a staircase to the Snake Pit.
 12950 | Lair:3   | Found a staircase to the Shoals.
 14565 | Lair:5   | Entered Level 5 of the Lair of Beasts
 14579 | Lair:5   | Noticed Sonja
 14587 | Lair:5   | Killed Sonja
 14897 | Lair:5   | Found a staircase to the Slime Pits.
 14903 | Lair:5   | Found a viscous altar of Jiyva.
 15192 | Lair:5   | Reached XP level 14. HP: 127/133 MP: 22/22
 15249 | Lair:5   | Reached skill level 15 in Fighting
 15956 | Lair:5   | Identified the +3 war axe "Empuesso" {protect, Str+4}
 16204 | D:8      | Bought a +6 ring of dexterity for 396 gold pieces
 16349 | Orc:1    | Entered Level 1 of the Orcish Mines
 16358 | Orc:1    | Paralysed by an orc sorcerer for 5 turns
 16362 | Orc:1    | Reached skill level 5 in Armour
 16480 | Orc:2    | Entered Level 2 of the Orcish Mines
 17354 | D:12     | Reached skill level 15 in Long Blades
 17354 | D:12     | Found a bloodstained altar of Trog.
 17370 | D:12     | Noticed Josephine
 17373 | D:12     | Killed Josephine
 17740 | D:12     | Noticed Nessos
 17750 | D:12     | Killed Nessos
 18978 | D:13     | Found a gate to the Vaults.
 19222 | Orc:2    | Reached XP level 15. HP: 131/143 MP: 23/23
 19327 | Orc:2    | Found a staircase to the Elven Halls.
 19419 | Orc:1    | Found a transporter.
 19528 | Orc:1    | Found Fiuvaco's Magic Scroll Boutique.
 19536 | Orc:1    | Bought 2 scrolls of identify for 44 gold pieces
 19536 | Orc:1    | Bought a scroll of fear for 44 gold pieces
 19536 | Orc:1    | Bought a scroll of fog for 44 gold pieces
 19536 | Orc:1    | Bought a scroll of enchant armour for 82 gold pieces
 19762 | Orc:1    | Found a transporter.
 19889 | Orc:2    | Reached skill level 15 in Dodging
 19989 | Orc:2    | Found Lounk's Antique Armour Shoppe.
 19989 | Orc:2    | Found Qisosoom's Antique Weapon Shop.
 19990 | Orc:2    | Found Paarupta's Book Shop.
 19990 | Orc:2    | Found Saleh's Antique Armour Emporium.
 20206 | D:14     | Noticed Louise
 20220 | D:14     | Killed Louise
 20741 | D:15     | Entered Level 15 of the Dungeon
 20778 | D:15     | Reached skill level 5 in Shields
 20842 | D:15     | Noticed a frost giant
 20850 | D:15     | Killed a frost giant
 20897 | D:15     | Found a staircase to the Depths.
 21138 | D:15     | Noticed Roxanne
 21160 | D:15     | Noticed Jorgrun
 21169 | D:15     | Killed Jorgrun
 21494 | D:15     | Noticed Rupert
 21507 | D:15     | Killed Rupert
 21508 | D:15     | Reached skill level 10 in Shields
 21508 | D:15     | Reached XP level 16. HP: 124/151 MP: 24/24
 22155 | Snake:1  | Entered Level 1 of the Snake Pit
 22818 | Snake:1  | Identified the +7 chain mail of the Dowdy Grue {Will+
                  | Int+3}
 22824 | Snake:1  | Identified the +5 chain mail "Binil" {Will+ Int+4}
 23387 | Snake:2  | Identified the +10 mace "Nomiescha" {freeze, SInv}
 24111 | Snake:3  | Reached skill level 15 in Shields
 25041 | Snake:3  | Found a runed translucent door.
 25041 | Snake:3  | Noticed Pujutz's ghost (adept TeAE)
 25071 | Snake:3  | Killed Pujutz's ghost
 25211 | Snake:3  | Reached XP level 17. HP: 158/158 MP: 25/25
 25322 | Snake:3  | Reached skill level 10 in Armour
 25925 | Snake:3  | Identified the +2 pair of boots of Maritat {Rampage Str+3
                  | Int+2}
 26166 | Snake:4  | Entered Level 4 of the Snake Pit
 26282 | Snake:4  | Found Fupagera's General Store.
 27299 | Snake:4  | Got a serpentine rune of Zot
 27618 | Shoals:1 | Entered Level 1 of the Shoals
 28363 | Shoals:2 | Noticed paavali's ghost (adept FoFi)
 28373 | Shoals:2 | Found a transporter.
 28400 | Shoals:2 | Found a transporter.
 28607 | Shoals:2 | Reached XP level 18. HP: 168/168 MP: 27/27
 28964 | Shoals:3 | Noticed Ilsuiw
 29002 | Shoals:3 | Killed Ilsuiw
 29735 | Shoals:4 | Entered Level 4 of the Shoals
 29740 | Shoals:4 | Identified the serpent talisman of Jaeblir {Str+4 Slay+3}
 29740 | Shoals:4 | Noticed Aizul
 29853 | Shoals:4 | Killed Aizul
 29864 | Shoals:4 | Identified the ring "Tuof" {rCorr Str+3 Stlth+}
 30380 | Shoals:4 | Got a barnacled rune of Zot
 31151 | Elf:1    | Entered Level 1 of the Elven Halls
 31205 | Elf:1    | Found Pazotyb's Magic Scroll Shoppe.
 31306 | Elf:1    | Bought a scroll of identify for 36 gold pieces
 31306 | Elf:1    | Bought a scroll of fear for 72 gold pieces
 31306 | Elf:1    | Bought a scroll of fog for 72 gold pieces
 31339 | Elf:1    | Noticed an Ice Fiend
 31421 | Elf:1    | Reached skill level 15 in Armour
 31595 | Elf:1    | Found a transporter.
 31609 | Elf:1    | Noticed Bizboz's ghost (adept TeAl)
 31646 | Elf:1    | Found a transporter.
 31843 | Elf:1    | Found a bloodstained altar of Trog.
 32316 | Elf:2    | Paralysed by an air elemental for 1 turns
 32317 | Elf:2    | Reached XP level 19. HP: 160/178 MP: 28/28
 32318 | Elf:2    | Noticed a Brimstone Fiend
 32457 | Elf:1    | Upgraded the game from 0.31-a0-1626-g5cb510d322 to 0.32-a0
 32602 | Elf:2    | Found a runed translucent gate.
 32603 | Elf:2    | Found a runed translucent gate.
 32603 | Elf:2    | Found a runed translucent gate.
 32695 | Elf:2    | Found Gosebitt's Assorted Antiques.
 32702 | Elf:2    | Bought a scroll of enchant armour for 135 gold pieces
 32702 | Elf:2    | Bought a scroll of fog for 72 gold pieces
 33209 | Elf:3    | Entered Level 3 of the Elven Halls
 33234 | Elf:3    | Found a flickering gateway to a bazaar.
 33255 | Bazaar   | Entered a bazaar
 33255 | Bazaar   | Found Cyajahui's Weapon Shoppe.
 33255 | Bazaar   | Found Jyceev's Magic Scroll Emporium.
 33255 | Bazaar   | Found Qouseite's Weapon Emporium.
 33273 | Bazaar   | Bought 2 scrolls of blinking for 150 gold pieces
 33273 | Bazaar   | Bought a scroll of teleportation for 30 gold pieces
 33273 | Bazaar   | Bought a scroll of teleportation for 30 gold pieces
 33273 | Bazaar   | Bought a scroll of acquirement for 520 gold pieces
 33273 | Bazaar   | Bought a scroll of teleportation for 30 gold pieces
 33672 | Shoals:2 | Reached skill level 15 in Invocations
 33691 | Shoals:2 | Killed paavali's ghost
 33706 | Shoals:2 | Identified the ring of Urioqeg {Will+ Str+3}
 33715 | Shoals:2 | Acquired 1120 gold pieces
 34077 | Elf:3    | Paralysed by an air elemental for 1 turns
 34117 | Elf:3    | Noticed Norris
 34141 | Elf:3    | HP: 5/180 [Norris/+5 demon trident of freezing (8)]
 34666 | Vaults:1 | Entered Level 1 of the Vaults
 35175 | Vaults:1 | Found Esinibun's Assorted Antiques.
 35183 | Vaults:1 | Bought a scroll of teleportation for 90 gold pieces
 35988 | Vaults:2 | Reached XP level 20. HP: 189/189 MP: 30/30
 36295 | Vaults:2 | Found a staircase to the Crypt.
 36865 | Vaults:2 | Found Kuedyhob's Distillery.
 36869 | Vaults:2 | Bought 2 potions of heal wounds for 190 gold pieces
 37451 | Vaults:3 | Noticed Sojobo
 37697 | Vaults:3 | Paralysed by an air elemental for 1 turns
 37703 | Vaults:3 | Killed Sojobo
 38265 | Vaults:3 | Noticed Xtahua
 38274 | Vaults:3 | Killed Xtahua
 38873 | Vaults:4 | Found Zinofoco's Antique Weapon Shop.
 39056 | Vaults:4 | Reached XP level 21. HP: 200/200 MP: 32/32
 39109 | Vaults:4 | Noticed Boris
 39126 | Vaults:4 | Killed Boris
 39215 | Vaults:4 | Found Ciudyup's Armour Emporium.
 39378 | Vaults:4 | Found a flickering gateway to a bazaar.
 39397 | Bazaar   | Entered a bazaar
 39406 | Bazaar   | Found Golicoif's Jewellery Emporium.
 39412 | Bazaar   | Found Najanwam's Armour Shoppe.
 39424 | Bazaar   | Found Hycecast's Distillery.
 39436 | Bazaar   | Found Xoucag's Assorted Antiques.
 39455 | Bazaar   | Bought a potion of haste for 100 gold pieces
 39455 | Bazaar   | Bought a potion of cancellation for 80 gold pieces
 39765 | Vaults:4 | Identified the +6 falchion of Compound Interest {freeze,
                  | rCorr Int+4}
 39873 | Vaults:4 | Noticed Zenata
 39887 | Vaults:4 | Killed Zenata
 40830 | D:10     | You paid a toll of 16 scrolls of teleportation to enter a
                  | treasure trove
 40831 | Trove    | Entered a treasure trove
 41031 | Depths:1 | Entered Level 1 of the Depths
 41199 | Depths:1 | Found Pudar's Jewellery Shoppe.
 41200 | Depths:1 | Found Ilyl's Book Shop.
 41202 | Depths:1 | Found a hazy altar of Hepliaklqana.
 41202 | Depths:1 | Found Pusuo's Jewellery Shoppe.
 41268 | Depths:1 | Noticed Asterion
 41282 | Depths:1 | Killed Asterion
 41304 | Depths:1 | Found Nyot's Superior Scales.
 41395 | Depths:1 | Found a transporter.
 41403 | Depths:1 | Found a transporter.
 41411 | Depths:1 | Noticed Hulu's ghost (veteran GrEE)
 41413 | Depths:1 | Identified the +1 great mace of Qynipp {flame, rC+}
 41628 | Depths:1 | Found a gateway to Hell.
 41701 | Depths:1 | Found a one-way gate leading to the halls of Pandemonium.
 41902 | Depths:2 | Reached skill level 5 in Throwing
 41930 | Depths:2 | You fall into a shaft and drop 1 floor!
 42396 | Depths:2 | Reached XP level 22. HP: 211/211 MP: 33/33
 42925 | Depths:2 | Noticed a caustic shrike
 42932 | Depths:2 | Killed a caustic shrike
 43230 | Depths:3 | Reached skill level 5 in Evocations
 43332 | Depths:3 | Noticed a juggernaut
 43352 | Depths:3 | Killed a juggernaut
 43655 | Depths:4 | Entered Level 4 of the Depths
 43748 | Depths:3 | Found a one-way gate to the infinite horrors of the Abyss.
 44245 | Depths:4 | Found a one-way gateway to a ziggurat.
 44245 | Depths:4 | Noticed a caustic shrike
 44266 | Depths:3 | Killed a caustic shrike
 44310 | Depths:4 | Noticed a caustic shrike
 44320 | Depths:3 | Killed a caustic shrike
 44427 | Depths:4 | Noticed a caustic shrike
 44496 | Depths:3 | Killed a caustic shrike
 44844 | Depths:4 | Noticed a golden dragon
 44861 | Depths:4 | Killed a golden dragon
 44891 | Depths:4 | Found a gate to the Realm of Zot.
 44977 | Depths:4 | Found Gome's Overcharged Wands.
 45157 | Depths:4 | Identified the +0 plate armour "Egoilim" {Rampage rPois
                  | Int+2}
 45574 | Crypt:1  | Entered Level 1 of the Crypt
 45688 | Crypt:1  | Reached XP level 23. HP: 216/221 MP: 35/35
 45871 | Crypt:1  | Identified the serpent talisman of Shielding {rN+ Will+
                  | Int-3}
 46251 | Crypt:2  | Found an ancient bone altar of Kikubaaqudgha.
 46302 | Crypt:2  | Noticed Donald
 46310 | Crypt:2  | Killed Donald
 46838 | Crypt:3  | Entered Level 3 of the Crypt
 46838 | Crypt:3  | Noticed an ancient lich
 46851 | Crypt:3  | Killed an ancient lich
 46911 | Crypt:3  | Noticed Boris
 46928 | Crypt:3  | Killed Boris
 46950 | Crypt:3  | Found an ancient bone altar of Kikubaaqudgha.
 46983 | Crypt:3  | Noticed a dread lich
 46984 | Crypt:3  | Identified the orb "Jathefu" {light, Will- Str+3 Dex+2 Ice}
 46984 | Crypt:3  | Noticed Frederick
 46990 | Crypt:3  | Killed a dread lich
 46999 | Crypt:3  | Killed Frederick
 47240 | Crypt:3  | Found a basalt altar of Yredelemnul.
 47243 | Crypt:3  | Found an ancient bone altar of Kikubaaqudgha.
 47305 | Crypt:3  | Got an ivory gem with 169 turns to spare
 47320 | Crypt:3  | Identified the staff of Nukha {*Corrode rF+ Str+7 Fire Air}
 47326 | Crypt:3  | Got Kikubaaqudgha's Elucidation of Malevolent Arts
 47477 | Crypt:3  | Lost the ivory gem through the power of Zot.
 47539 | Crypt:3  | Found a staircase to the Tomb.
 48103 | Elf:3    | Killed Norris
 48244 | Elf:3    | Identified the ring "Utwilucs" {rC+++ rN+ Will- Dex+2}
 48683 | Elf:3    | Reached XP level 24. HP: 228/233 MP: 35/35
 48747 | Elf:3    | Got the Reference Book on Vapourous Effluvium
 48750 | Elf:3    | Identified the +4 orcbow of the Lost Continents {heavy, rF-
                  | rC++ rCorr Dex+2}
 48763 | Elf:3    | Identified the staff of Insufficient Pleasure {^Contam rN+
                  | Hexes Necro Tloc Earth}
 48835 | Elf:3    | Found the +7 Spriggan's Knife {stab, EV+4 Stlth+}
 48851 | Elf:3    | Got Kaghana's Precepts of Conjuring
 49014 | Orc:2    | Bought the +9 scales of the Dragon King {rPois rF+ rC+
                  | Will+} for 3868 gold pieces
 49014 | Orc:2    | Found the +9 scales of the Dragon King {rPois rF+ rC+
                  | Will+}
 49034 | Orc:2    | Learned a level 1 spell: Apportation
 49224 | Slime:1  | Entered Level 1 of the Pits of Slime
 49514 | Slime:2  | You fall into a shaft and drop 2 floors!
 49850 | Slime:5  | Entered Level 5 of the Pits of Slime
 50204 | Slime:5  | Noticed the Royal Jelly
 50231 | Slime:5  | Killed the Royal Jelly
 50697 | Slime:5  | Identified the +0 leather armour "Couruv" {Dex+4}
 50716 | Slime:5  | Identified the +2 dagger of Fate {flame, rPois}
 50731 | Slime:5  | Identified the +3 long sword "Etoessops" {drain, rCorr
                  | Int+3}
 50742 | Slime:5  | Identified the ring "Unlos" {Will+ Slay+4}
 50742 | Slime:5  | Found the +8 frozen axe "Frostbite" {freeze, freezing
                  | cloud, *Noise Fly rC+}
 50748 | Slime:5  | Got a slimy rune of Zot
 50753 | Slime:5  | Identified the +7 chain mail of Qavaloaps {-Cast +Inv
                  | Regen+ Slay-2}
 50773 | Slime:5  | Acquired 635 gold pieces
 51466 | Vaults:5 | Entered Level 5 of the Vaults
 51584 | Vaults:5 | Noticed a dread lich
 51594 | Vaults:5 | Killed a dread lich
 51627 | Vaults:5 | Identified the +2 leather armour of the Everdark {Fly rF+}
 51784 | Vaults:5 | Reached XP level 25. HP: 228/241 MP: 35/35
 51885 | Vaults:5 | Found the +1 Delatra's gloves {ID++}
 51893 | Vaults:5 | Noticed a dread lich
 51900 | Vaults:5 | Killed a dread lich
 51950 | Vaults:5 | Found the +10 dark maul {heavy}
 52011 | Vaults:5 | Identified the +0 chain mail of Atheism {rCorr Stlth+}
 52026 | Vaults:5 | Identified the +10 scimitar "Gegrugg" {spect, rN++ Int+3
                  | Dex+2}
 52173 | Vaults:5 | Identified the +2 pair of boots of Conscience {Regen+
                  | Str+2}
 52181 | Vaults:5 | Got a silver rune of Zot
 52262 | Vaults:5 | Noticed an ancient lich
 52269 | Vaults:5 | Killed an ancient lich
 52374 | Vaults:5 | Noticed an ancient lich
 52384 | Vaults:5 | Killed an ancient lich
 52400 | Vaults:5 | Noticed an ancient lich
 52419 | Vaults:5 | Killed an ancient lich
 53204 | Zot:1    | Entered Level 1 of the Realm of Zot
 53347 | Zot:1    | Reached skill level 1 in Translocations
 53460 | Zot:1    | Got the Directory of Allies and Confrontation
 53716 | Zot:1    | Found a transporter.
 53831 | Zot:1    | Found a bloodstained altar of Trog.
 54029 | Zot:1    | Found a transporter.
 54031 | Zot:1    | Found the +10 morningstar "Eos" {elec, Halo rElec}
 54120 | Zot:2    | Reached skill level 5 in Translocations
 54277 | Zot:2    | Reached skill level 1 in Spellcasting
 54321 | Zot:2    | Learned a level 2 spell: Blink
 54324 | Zot:2    | Learned a level 2 spell: Lesser Beckoning
 54329 | Zot:2    | Learned a level 4 spell: Manifold Assault
 54334 | Zot:2    | Learned a level 4 spell: Passage of Golubria
 54543 | Zot:2    | Noticed an orb of fire
 54544 | Zot:2    | Gained mutation: Your body sometimes deteriorates upon
                  | taking damage. [an orb of fire]
 54555 | Zot:2    | Gained mutation: You occasionally shout uncontrollably at
                  | your foes. [an orb of fire]
 54568 | Zot:2    | Gained mutation: You are clumsy. (Dex -2) [an orb of fire]
 54570 | Zot:2    | Killed an orb of fire
 54571 | Zot:2    | Reached XP level 26. HP: 190/254 MP: 35/36
 54589 | Zot:2    | Lost mutation: You occasionally shout uncontrollably at
                  | your foes. [potion of mutation]
 54589 | Zot:2    | Lost mutation: You are clumsy. (Dex -2) [potion of
                  | mutation]
 54589 | Zot:2    | Lost mutation: Your body sometimes deteriorates upon taking
                  | damage. [potion of mutation]
 54589 | Zot:2    | Gained mutation: Your muscles are strong. (Str +4, Int/Dex
                  | -1) [potion of mutation]
 54589 | Zot:2    | Gained mutation: You are frail. (-10% HP) [potion of
                  | mutation]
 54589 | Zot:2    | Gained mutation: Your mind is acute. (Int +4, Str/Dex -1)
                  | [potion of mutation]
 54681 | Zot:2    | Identified the +2 ring mail of Fun {Str-2 Dex+5}
 54730 | Zot:2    | Identified the +1 ring mail of the Exceptional God {Slay+2}
 54757 | Zot:2    | Found the +4 dragonskin cloak
 54757 | Zot:2    | Noticed Tiamat
 54822 | Zot:2    | Killed Tiamat
 56183 | Zot:4    | Noticed Vv
 56203 | Zot:4    | Killed Vv
 56438 | Zot:3    | Found a shimmering blue altar of Sif Muna.
 56450 | Zot:3    | Found a burning altar of Makhleb.
 56800 | Zot:4    | Identified the +0 robe of Uskayaw's Delight {Rampage rPois
                  | Will+ Dex+2}
 57123 | Zot:4    | Identified the ring of Wishful Thinking {rN+++ MP+9 Str-5
                  | Dex+6}
 57647 | Zot:1    | Noticed a dread lich
 57648 | Zot:1    | Noticed an orb of fire
 57658 | Zot:1    | Killed a dread lich
 57666 | Zot:1    | Killed an orb of fire
 57667 | Zot:1    | Reached skill level 10 in Translocations
 57730 | Zot:1    | Reached XP level 27. HP: 239/239 MP: 36/36
 57741 | Zot:1    | Identified the ring of Hedonism {Wiz Fly rF+ rCorr Dex-4}
 57747 | Zot:1    | Identified the ring "Kograk" {rF+ Str+6 Dex+2 Slay+2}
 57769 | Zot:1    | Identified the +6 chain mail of Vepliug {Str+6}
 57890 | Zot:5    | Entered Level 5 of the Realm of Zot
 58412 | Zot:5    | Noticed a dread lich
 58417 | Zot:5    | Paralysed by a dread lich for 5 turns
 58418 | Zot:5    | Noticed an ancient lich
 58425 | Zot:5    | Killed an ancient lich
 58446 | Zot:5    | Killed a dread lich
 58586 | Zot:5    | Noticed an orb of fire
 58586 | Zot:5    | Gained mutation: You occasionally lose the ability to read
                  | scrolls when taking damage. [an orb of fire]
 58586 | Zot:5    | Noticed an ancient lich
 58592 | Zot:5    | Lost mutation: Your muscles are strong. (Str +4, Int/Dex
                  | -1) [an orb of fire]
 58604 | Zot:5    | Killed an orb of fire
 58620 | Zot:5    | Killed an ancient lich
 58623 | Zot:5    | Noticed an ancient lich
 58639 | Zot:5    | Killed an ancient lich
 58640 | Zot:5    | Noticed an orb of fire
 58643 | Zot:5    | Noticed an orb of fire
 58663 | Zot:5    | Gained mutation: Armour fits poorly on your strangely
                  | shaped body. [an orb of fire]
 58666 | Zot:5    | Killed an orb of fire
 58677 | Zot:5    | Killed an orb of fire
 58700 | Zot:5    | Lost mutation: You occasionally lose the ability to read
                  | scrolls when taking damage. [potion of mutation]
 58700 | Zot:5    | Lost mutation: Your mind is acute. (Int +4, Str/Dex -1)
                  | [potion of mutation]
 58700 | Zot:5    | Lost mutation: Armour fits poorly on your strangely shaped
                  | body. [potion of mutation]
 58700 | Zot:5    | Gained mutation: Your flesh is heat resistant. (rF+)
                  | [potion of mutation]
 58700 | Zot:5    | Gained mutation: You have large cloven feet. [potion of
                  | mutation]
 58759 | Zot:5    | Noticed an ancient lich
 58783 | Zot:5    | Killed an ancient lich
 58931 | Zot:5    | Noticed a dread lich
 58936 | Zot:5    | Noticed an ancient lich
 58936 | Zot:5    | Noticed an orb of fire
 58936 | Zot:5    | Paralysed by a dread lich for 4 turns
 58943 | Zot:5    | Gained mutation: You are weak. (Str -2) [an orb of fire]
 58947 | Zot:5    | Gained mutation: Your health recovers twice as slowly from
                  | being drained. [an orb of fire]
 58951 | Zot:5    | Killed an orb of fire
 58957 | Zot:5    | Killed a dread lich
 58966 | Zot:5    | Killed an ancient lich
 59193 | Zot:5    | Lost mutation: Your flesh is heat resistant. (rF+) [potion
                  | of mutation]
 59193 | Zot:5    | Lost mutation: You are frail. (-10% HP) [potion of
                  | mutation]
 59193 | Zot:5    | Lost mutation: Your health recovers twice as slowly from
                  | being drained. [potion of mutation]
 59193 | Zot:5    | Gained mutation: You are dopey. (Int -2) [potion of
                  | mutation]
 59193 | Zot:5    | Gained mutation: You possess an exceptional clarity of
                  | mind. [potion of mutation]
 59215 | Zot:5    | Got the Orb of Zot
 59231 | Zot:5    | Noticed Boris
 59238 | Zot:5    | Killed Boris
 59295 | Zot:5    | Noticed Loqeoc the pandemonium lord
 59311 | Zot:5    | Killed Loqeoc the pandemonium lord
 59326 | Zot:5    | Noticed Fostrinti the pandemonium lord
 59345 | Zot:5    | Killed Fostrinti the pandemonium lord
 59427 | Zot:2    | Noticed a seraph
 59437 | Zot:2    | Identified the +10 tower shield "Dielajej" {rN+ Str+2 Int-2
                  | Dex+2}
 59982 | D:$      | Escaped with the Orb!

Illustrated notes

Levels and vault maps discovered:
D:1:      minmay_arrival_arboretum_small, layout_loops_cross
D:2:      layout_loops_cross, basic_altar
D:3:      layout_rooms, lemuel_coloured_pillars_altar, general_overflow_altar,
          eat_drink_and_be_merry_uskayaw, uniq_terence, uniq_crazy_yiuf_cottage,
          uniq_jessica
D:4:      layout_loops_ring, makhleb_heckhound_becter,
          minmay_temple_entry_large_hall, uniq_robin
D:5:      layout_loops_ring, gup_sewer_entry_glass, serial_undead,
          serial_undead_f, serial_undead_d, serial_undead_a, serial_undead_d,
          serial_undead_d, kennysheep_generic_room_13
D:6:      layout_cave_pools, nicolae_vehumet_altar_sigil, zin_angel,
          nicolae_overflow_hidden_temple
D:7:      old_forge, layout_rooms, biasface_ghost_orc_armoury,
          nicolae_shop_fire_sale [nicolae_sub_dead_trees], small_statue_alley_b,
          kennysheep_generic_room_4
D:8:      layout_layer_cave, serial_shops, shop, shop, shop, jiyva_altar_1
D:9:      layout_layer_cave, lemuel_tele_altar, mainiacjoe_overflow_alcove_4,
          lair_entry_dummy
D:10:     kennysheep_ambush_hall, layout_basic, fedhas_bush_and_centaur_altar,
          orc_0_dummy, serial_shops, shop, nicolae_trove_entry_free_sample
D:11:     layout_layer_cave, grunt_ministairs_5, minmay_evil_grid
D:12:     layout_stronghold, bloody_trog, uniq_josephine, uniq_nessos
D:13:     layout_loops_cross, grunt_vaults_entry_tiered
D:14:     layout_cave_pools, kennysheep_generic_room_10, uniq_louise
D:15:     grunt_enter_depths_snipers, layout_stronghold,
          hangedman_decor_growths, minmay_checkerbox, uniq_rupert, uniq_roxanne,
          uniq_jorgrun
Temple:   nicolae_temple_ecumenical_triangle
Lair:1:   layout_misc_corridors, grunt_megastairs_1
Lair:2:   layout_cellular_growth, nicolae_snake_entry_warm_welcome,
          portal_ice_cave_entry_pillars_1, lemuel_old_faithful
Lair:3:   layout_cave_pods, minmay_shoals_entry_beasts, ldierk_geyser
Lair:4:   layout_misc_corridors, st_stairs_6
Lair:5:   grunt_lair_end_beastmaster, layout_cave_pods, slime_entry_1,
          nicolae_lair_lindhole, grunt_megastairs_5, uniq_sonja
Shoals:1: argonaut_golden_fleece, layout_shoals
Shoals:2: layout_shoals, gammafunk_ghost_berserking_beasts, nicolae_shoals_songs
Shoals:3: layout_shoals, uniq_ilsuiw
Shoals:4: shoals_end_grunt_ice, layout_shoals, uniq_aizul
Snake:1:  layout_rooms, st_stairs_12, grunt_ministairs_15
Snake:2:  layout_misc_corridors
Snake:3:  layout_chambers, ebering_ghost_inner_flame,
          nicolae_snake_storage_room, grunt_megastairs_3
Snake:4:  minmay_snake_end_coiled, layout_cave_town, serial_shops,
          nicolae_shop_advertising_works [nicolae_subvault_shop_adworks]
Slime:1:  layout_caves
Slime:2:  layout_caves
Slime:3:  layout_caves
Slime:4:  layout_caves
Slime:5:  slime_pit_nicolae_royal_road_to_ruin
Orc:1:    gammafunk_beogh_shrine, layout_caves, serial_shops, shop
Orc:2:    st_orc_ogre_mass, layout_diamond_mine
Elf:1:    nicolae_elf_arrival_fired_up, layout_geoelf_octagon, serial_shops,
          shop, gammafunk_ghost_wrathful_warriors, nicolae_elf_blasts_and_bolts
Elf:2:    nicolae_elf_blades_crystal_corner, layout_rooms, serial_shops, shop,
          minmay_fountain_box
Elf:3:    minmay_elf_hall_dome, layout_loops_cross, serial_shops,
          bzr_entry_lakeside, nicolae_elf_crossing_hall, uniq_norris
Vaults:1: v_rooms_1, nicolae_vaults_border_crossing,
          nicolae_vaults_storage_closets_1, nicolae_vaults_surprise_closet,
          v_misc_5, nicolae_vaults_security_offices_1,
          nicolae_vaults_mini_display_case, ontoclasm_vaults_decontamination,
          vaults_dpeg_emergency_exit, grunt_vaults_hallway_short,
          layout_vaults_omnigrid, serial_shops, shop_fountains
Vaults:2: dpeg_vaults_monster_row, serial_ice_h, nicolae_vaults_trapezoid_1,
          nicolae_vaults_little_ls, minmay_crypt_entry_nasty_monster, v_misc_29,
          nicolae_vaults_theta, nicolae_vaults_storage_closets_2,
          nicolae_vaults_house_1, nicolae_vaults_tetromino_L_1,
          nicolae_vaults_mitosis, ontoclasm_vaults_chip,
          grunt_vaults_hallway_short, layout_vaults_ring, serial_shops,
          nicolae_shop_back_alley_shop
Vaults:3: vaults_room_large_hall, nicolae_vaults_more_shelving_1,
          nicolae_vaults_tangram_1, nicolae_vaults_spaceships, v_misc_10,
          nicolae_vaults_weapon_check, hangedman_vaults_river_flow,
          ontoclasm_vaults_chip, ontoclasm_vaults_ring_large,
          nicolae_vaults_rhombus_6, nicolae_vaults_octothorpe,
          nicolae_vaults_variable_pillar_hall, vaults_room_pool,
          nicolae_vaults_hexular_roomagon, nicolae_vaults_apartment_1,
          nicolae_vaults_tetromino_T_1, layout_vaults_omnicross, uniq_sojobo,
          uniq_xtahua
Vaults:4: hangedman_vaults_restitches, nicolae_vaults_trapezoid_lopsided_2,
          st_star, nicolae_vaults_two_Ls, nicolae_vaults_house_2,
          hangedman_vaults_nails, nicolae_vaults_network_square,
          nicolae_vaults_offset_grid_hallway_3, ontoclasm_vaults_tryst,
          ontoclasm_vaults_spin, grunt_vaults_twisty, nicolae_vaults_cochlea,
          nicolae_vaults_closet_pinwheel_6, nicolae_vaults_little_squares_4,
          nicolae_vaults_cochlea, nicolae_vaults_tetromino_T_1,
          layout_vaults_omnibox, serial_shops, bzr_firewalk,
          nicolae_shop_tiny_waterfront, shop_statue, uniq_boris, uniq_zenata
Vaults:5
Crypt:1:  layout_gridlike, grunt_crypt_arrival_guarded_gate
Crypt:2:  layout_gridlike, basic_altar, lemuel_nasty_fountain,
          lemuel_upstairs_altar, uniq_donald
Crypt:3:  lightli_unholy_cathedral, layout_chaotic_city,
          tomb_entry_forgotten_bobbens, lemuel_statue_altar,
          serial_sigils_hangedman_writhe, amcnicky_mini_rare_corridor_liquid,
          st_stairs_10, uniq_frederick
Depths:1: layout_forbidden_donut, nicolae_hepliaklqana_hazy_memory,
          pf_hell_entry_tar_spiral, rand_demon_pan_entry_9,
          gammafunk_ghost_smash, nicolae_water_bricks, grunt_ministairs_13,
          hellmonk_scale_shop, minmay_shop_grove, uniq_asterion
Depths:2: minmay_expanding_squares, layout_honeycomb, nrook_pool_corridor,
          grunt_pan_entry_zigzag, hell_entry,
          serial_library_hellmonk_angled_corner, infiniplex_staircase_pool_2
Depths:3: nicolae_hexawheel, layout_twisted_cross,
          nicolae_hell_entry_hellmouth_sunbeams, serial_co_window_serial,
          co_window_corner_a, co_window_paths_b, co_window_corner_a,
          co_window_corner_a, co_window_paths_a, co_window_of_opportunity_c,
          co_window_cross_2, co_window_2corner, glass_columns_a,
          glass_columns_a, glass_columns_a, hangedman_abyss_entry_splay
Depths:4: grunt_twist_and_shout, layout_basic, enter_ziggurat_c, hellmouth_1,
          grunt_pan_entry_spiral, grunt_ministairs_5,
          nicolae_shop_overcharged_wands
Zot:1:    gammafunk_dig_for_victory, layout_onion, basic_altar,
          kennysheep_underground_church
Zot:2:    kennysheep_bubbly, layout_onion, uniq_tiamat
Zot:3:    layout_basic, regret_index_zotdec_stipple_waver,
          regret_index_zotdec_gossamer_parallel
Zot:4:    layout_concentric_octagons, uniq_vv
Zot:5:    layout_basic

Skill      XL: |  1  2  3  4  5  6  7  8  9 10 11 12 13 14 15 16 17 18 19 20 21 22 23 24 25 26 27 |
---------------+----------------------------------------------------------------------------------+-----
Fighting       | 4 5 6 8 10 11 12 14 15 16 17 18 19 20 21 22 23 24 25 | 25.8
Long Blades    | 4 5 7 10 11 12 14 15 16 | 16.6
Dodging        | 4 6 7 9 10 12 14 16 17 18 19 20 21 22 23 24 | 24.5
Invocations    | 1 2 3 4 6 7 8 11 12 13 14 15 16 17 18 19 20 | 20.4
Maces & Flails | 3 6 |  6.0
Armour         | 3 4 6 9 14 15 16 17 18 19 20 22 23 24 | 24.4
Shields        | 3 10 16 17 18 19 20 21 22 23 24 25 | 25.8
Throwing       | 2 5 |  5.0
Evocations     | 2 4 5 |  5.0
Translocations | 7 10 11 | 11.9
Spellcasting   | 2 |  2.0

Action                     |  1- 3 |  4- 6 |  7- 9 | 10-12 | 13-15 | 16-18 | 19-21 | 22-24 | 25-27 || total
---------------------------+-------+-------+-------+-------+-------+-------+-------+-------+-------++-------
  Melee: Falchion          |    94 |    61 |       |       |       |       |       |       |       ||   155
         Headbutt          |    12 |    10 |    32 |    74 |   142 |   235 |   395 |   555 |   476 ||  1931
         Mace              |       |     7 |   139 |       |       |       |       |       |       ||   146
         Short sword       |       |     5 |       |       |       |       |       |       |       ||     5
         Double sword      |       |       |    34 |   384 |   627 |  1026 |  1197 |  1534 |  1325 ||  6127
  Throw: Dart              |       |     6 |     4 |    37 |    33 |     7 |     2 |       |       ||    89
         Boomerang         |       |       |       |       |       |       |     1 |       |       ||     1
   Cast: Lesser Beckoning  |       |       |       |       |       |       |       |       |     1 ||     1
         Manifold Assault  |       |       |       |       |       |       |       |       |    21 ||    21
         Apportation       |       |       |       |       |       |       |       |       |     2 ||     2
 Invoke: Upheaval          |       |     4 |     1 |     6 |    13 |     7 |    17 |    22 |    18 ||    88
         Elemental Force   |       |       |       |     1 |       |       |       |     1 |     1 ||     3
         Disaster Area     |       |       |       |       |     1 |     2 |     1 |     7 |     7 ||    18
  Evoke: Wand              |       |     1 |       |       |       |       |       |       |    12 ||    13
         Condenser vane    |       |       |       |       |       |       |       |     1 |     2 ||     3
         Lightning rod     |       |       |       |       |       |       |       |       |     7 ||     7
         Phial of floods   |       |       |       |       |       |       |       |       |     1 ||     1
    Use: Scroll            |       |       |    12 |     9 |     7 |     4 |     9 |     5 |     5 ||    51
         Potion            |       |       |       |       |     2 |     1 |     3 |     2 |    13 ||    21
   Stab: Distracted        |       |       |       |       |       |       |       |     1 |       ||     1
 Armour: Robe              |    25 |       |       |       |       |       |       |       |       ||    25
         Ring mail         |    16 |    42 |    94 |    84 |       |       |       |       |       ||   236
         Scale mail        |       |       |       |    22 |       |       |       |       |       ||    22
         Chain mail        |       |       |       |    12 |   182 |   164 |   248 |   188 |       ||   794
         Skin              |       |       |       |     1 |       |       |       |       |       ||     1
         Gold dragon scale |       |       |       |       |       |       |       |   138 |   526 ||   664
  Dodge: Dodged            |    67 |    29 |   104 |   119 |   110 |   166 |   296 |   324 |   343 ||  1558
         Repelled          |       |       |       |     7 |     5 |    28 |    19 |    32 |    39 ||   130
  Block: Buckler           |       |       |       |   231 |   303 |       |       |       |       ||   534
         Reflection        |       |       |       |    20 |    56 |   225 |    62 |       |    17 ||   380
         Tower shield      |       |       |       |       |   129 |  1318 |  1473 |  1731 |  1747 ||  6398

Table legend: (Time is in decaauts)
 A = Elapsed time spent in this place.
 B = Non-inter-level travel time spent in this place.
 C = Inter-level travel time spent in this place.
 D = Time resting spent in this place.
 E = Time spent auto-exploring this place.
 F = Levels seen in this place.
 G = Mean time per level.
                   A        B        C        D        E       F      G
               +--------+--------+--------+--------+--------+-----+--------+
         Total |  59089 |  52706 |   6383 |   2507 |  36728 |  60 |  984.8 |
       Dungeon |  16411 |  14158 |   2253 |    541 |  10523 |  15 | 1094.1 |
        Temple |     34 |     34 |      0 |      0 |      0 |   1 |   34.0 |
          Lair |   5688 |   4691 |    997 |    138 |   3787 |   5 | 1137.6 |
        Shoals |   3781 |   3520 |    261 |      0 |   2699 |   4 |  945.2 |
     Snake Pit |   5332 |   5141 |    191 |    646 |   3307 |   4 | 1333.0 |
    Slime Pits |   1691 |   1581 |    110 |    158 |    921 |   5 |  338.2 |
  Orcish Mines |   1224 |   1021 |    203 |      0 |    667 |   2 |  612.0 |
   Elven Halls |   3627 |   3180 |    447 |    295 |   1937 |   3 | 1209.0 |
        Vaults |   7617 |   6706 |    911 |    278 |   4555 |   5 | 1523.4 |
         Crypt |   2165 |   2047 |    118 |      9 |   1431 |   3 |  721.7 |
        Depths |   4497 |   4059 |    438 |    222 |   2696 |   4 | 1124.2 |
           Zot |   5823 |   5374 |    449 |    219 |   3482 |   5 | 1164.6 |
        Bazaar |    114 |    114 |      0 |      0 |     63 |   2 |   57.0 |
         Trove |     48 |     48 |      0 |      0 |      0 |   1 |   48.0 |
      Ice Cave |   1031 |   1031 |      0 |      0 |    658 |   1 | 1031.0 |
               +--------+--------+--------+--------+--------+-----+--------+

Top non-repeatable levels by time:
 Snake:3: 2411 daAuts
    D:11: 1936 daAuts
Vaults:4: 1777 daAuts
Vaults:3: 1723 daAuts
    D:10: 1671 daAuts
Depths:3: 1666 daAuts
   Elf:1: 1449 daAuts
     D:9: 1420 daAuts
Vaults:1: 1417 daAuts
Vaults:5: 1413 daAuts
  Lair:5: 1408 daAuts
  Lair:3: 1372 daAuts
     D:8: 1334 daAuts
   Zot:5: 1333 daAuts
   Zot:2: 1324 daAuts
